 Dungeon Crawl Stone Soup version 0.25-a0-424-g80bd347ae0 (webtiles) character file.

Game seed: 10527112196152950371, levelgen mode: deterministic

712 Nattfarinn the Caller (level 7, 0/36 HPs)
             Began as a Tengu Summoner on Jan 23, 2020.
             Shot with an arrow by a centaur (2 damage)
             ... on level 6 of the Dungeon.
             The game lasted 00:17:24 (7376 turns).

Nattfarinn the Caller (Tengu Summoner)              Turns: 7376, Time: 00:17:25

Health: 0/36       AC:  2    Str: 14    XL:     7   Next: 68%
Magic:  3/11       EV: 19    Int: 15    God:
Gold:   221        SH:  0    Dex: 14    Spells: 0/10 levels left

rFire    . . .     SeeInvis .   d - +1 dagger (speed)
rCold    . . .     Gourm    .   (no shield)
rNeg     . . .     Faith    .   a - +0 robe
rPois    .         Spirit   .   (helmet restricted)
rElec    .         Reflect  .   (no cloak)
rCorr    +         Harm     .   (no gloves)
MR       .....                  (boots unavailable)
Stlth    ++........             (no amulet)
HPRegen  0.12/turn              b - +3 ring of strength
MPRegen  0.12/turn              u - ring of resist corrosion

@: flying quickly and evasively, quick
A: beak, talons 3, able to fly
a: Stop Flying


You were on level 6 of the Dungeon.
You were not hungry.

You visited 1 branch of the dungeon, and saw 6 of its levels.

You collected 221 gold pieces.

Inventory:

Hand Weapons
 d - a +1 dagger of speed (weapon)
Missiles
 k - 6 silver boomerangs (quivered)
Armour
 a - a +0 robe (worn)
Jewellery
 b - a +3 ring of strength (left hand)
 m - a +4 ring of dexterity
 u - a ring of resist corrosion (right hand)
Wands
 x - a wand of acid (6)
Scrolls
 e - a scroll of magic mapping {unknown}
 g - a scroll of silence {unknown}
 h - a scroll of teleportation {unknown}
 p - a scroll of immolation {unknown}
 q - 4 scrolls of remove curse
 s - a scroll of enchant weapon {unknown}
 t - 2 scrolls of fog {unknown}
 v - a scroll of blinking {unknown}
 y - a scroll of amnesia {unknown}
Potions
 f - a potion of mutation {unknown}
 i - a potion of heal wounds {unknown}
 j - a potion of degeneration {unknown}
 l - 2 potions of haste
 n - a potion of might {unknown}
 o - a potion of flight {unknown}
 r - a potion of curing
 w - a potion of lignification {unknown}
 z - 2 potions of brilliance {unknown}
 A - a potion of berserk rage {unknown}
Comestibles
 c - 13 rations


   Skills:
 * Level 4.1 Short Blades
 - Level 6.5 Dodging
 - Level 2.0 Stealth
 - Level 2.0 Spellcasting
 + Level 6.9 Summonings
 + Level 1.3 Air Magic


You couldn't memorise any spells.
You knew the following spells:

 Your Spells              Type           Power        Failure   Level  Hunger
a - Summon Small Mammal   Summ           ###.         1%          1    #......
b - Call Imp              Summ           ###.....     1%          2    ###....
c - Call Canine Familiar  Summ           ###.....     3%          3    ###....
d - Summon Lightning Spi  Summ/Air       ##......     36%         4    #####..

Your spell library contained the following spells:

 Spells                   Type           Power        Failure   Level  Hunger
 Summon Guardian Golem    Hex/Summ       ##......     16%         3    ###....
 Corona                   Hex            #......      22%         1    #......
 Slow                     Hex            #.......     32%         2    ###....
 Summon Ice Beast         Ice/Summ       ##......     47%         4    #####..
 Inner Flame              Hex/Fire       #.......     54%         3    ###....
 Portal Projectile        Hex/Tloc       #.....       54%         3    ###....
 Cause Fear               Hex            #.........   91%         4    #####..
 Leda's Liquefaction      Hex/Erth       #.........   91%         4    #####..


Dungeon Overview and Level Annotations

Branches:
Dungeon (6/15)
 Temple: D:4-7

Altars:
Gozag


Innate Abilities, Weirdness & Mutations

You have a beak for a mouth.
You have claws for feet.
You can fly continuously.


Message History

What are your orders? t - Shout!
Orders for allies: a - Attack new target. p - Attack previous target. r - Retreat! s - Stop attacking. g - Guard the area. f - Follow me.
Anything else - Cancel.
Gang up on whom?
Press: ? - help, Dir - move target cursor, f/p - centaur
Aim: a centaur, wielding a +0 shortbow and quivering 21 arrows (lightly wounded) Attack!
The centaur shoots an arrow.
The arrow hits your hound!
Your hound dies!
Your hound's corpse disappears in a puff of smoke!
The centaur shoots an arrow.
The arrow hits you.
Unknown command.
Casting: Call Imp (safe; 1% risk of failure)
Confirm with . or Enter, or press ? or * to list all spells.
The centaur shoots an arrow.
The arrow hits you!
* * * LOW HITPOINT WARNING * * *
The centaur shoots an arrow.
The arrow hits you.
You die...

#...######.....##.#<##.##.#
#.#.....####.###.#........#
#...###.# #.##.###.##.####
#######.####.#.## ##.#.#
#........## ##..#
#..######.## ##.###
#..#.......###.##
#.....h.###.#.## #######
#.#.#.#@# ##.## ......#
#.....#(# ### #####)#
#######(# ## #####.### #.#
.. #.......# ##(## .#
#.#####.# #...# .# # #.#
#.# #..(####### .#.##.. #.#
#.# #..c.(((.(##..ยง.c# ..#
#.# #####...#####.c(c(.#


You could see a centaur and a friendly hound.

Vanquished Creatures
  An ogre (D:5)
  A phantom (D:5)
  2 centaur zombies
  A centaur skeleton (D:6)
  A bullfrog skeleton (D:4)
  An orc wizard (D:5)
  An iguana (D:5)
  2 worker ants
  A gnoll (D:4)
  A howler monkey skeleton (D:4)
  8 adders
  An ooze (D:3)
  An adder zombie (D:5)
  A worm (D:3)
  A leopard gecko (D:2)
  2 orcs
  A ball python (D:4)
  3 giant cockroaches
  8 goblins
  A hobgoblin (D:1)
  5 jackals
  5 kobolds
  6 quokkas
  6 bats
  5 frilled lizards
  2 jackal skeletons
  6 rats
74 creatures vanquished.

Vanquished Creatures (collateral kills)
  An ogre (D:6)
  A centaur (D:5)
  2 orc wizards (D:5)
  A centaur skeleton (D:5)
  A gnoll shaman (D:5)
  2 worker ants (D:5)
  2 gnolls (D:5)
  2 adders (D:5)
  4 orcs (D:5)
  2 bats
  A giant cockroach (D:3)
  3 jackals
  A quokka (D:5)
  A quokka zombie (D:5)
24 creatures vanquished.

Grand Total: 98 creatures vanquished

Notes
Turn   | Place    | Note
-------+----------+-------------------------------------------
     0 | D:1      | Nattfarinn the Tengu Summoner began the quest for the Orb.
     0 | D:1      | Reached XP level 1. HP: 10/10 MP: 4/4
   330 | D:1      | Reached skill level 5 in Summonings
   340 | D:1      | Reached XP level 2. HP: 4/15 MP: 4/6
  1621 | D:2      | Reached XP level 3. HP: 13/19 MP: 7/7
  2293 | D:3      | Reached skill level 1 in Short Blades
  2293 | D:3      | Reached XP level 4. HP: 24/24 MP: 8/8
  2536 | D:3      | Found an opulent altar of Gozag.
  3378 | D:3      | Gained mutation: You can fly continuously. [Tengu growth]
  3378 | D:3      | Reached XP level 5. HP: 26/28 MP: 6/9
  4048 | D:4      | Learned a level 2 spell: Call Imp
  4052 | D:4      | Learned a level 3 spell: Call Canine Familiar
  4271 | D:4      | Reached skill level 5 in Dodging
  4603 | D:5      | Entered Level 5 of the Dungeon
  4615 | D:5      | Noticed a centaur
  4633 | D:5      | Killed a centaur
  4633 | D:5      | Reached XP level 6. HP: 22/32 MP: 4/10
  4670 | D:5      | Noticed a phantom
  5711 | D:5      | Reached XP level 7. HP: 35/36 MP: 2/11
  6657 | D:5      | Learned a level 4 spell: Summon Lightning Spire
  6824 | D:6      | Reached skill level 1 in Air Magic
  7376 | D:6      | Shot with an arrow by a centaur

Levels and vault maps discovered:
D:1:      minmay_arrival_stair_chambers, layout_basic, minmay_quantized
D:2:      layout_basic, first_ration
D:3:      layout_basic, grunt_gozag_statues
D:4:      layout_basic, hangedman_abyss_or_decor_stabs
D:5:      minmay_angry_zag, layout_cave_pools, minmay_liquid_box
D:6:      layout_loops_cross

Skill      XL: |  1  2  3  4  5  6  7 |
---------------+----------------------+-----
Summonings     | 5 6 |  6.9
Dodging        | 3 4 5 6 |  6.5
Short Blades   | 1 2 3 4 |  4.1
Air Magic      | 1 |  1.3
Stealth        | |  2.0
Spellcasting   | |  2.0

Action                   |  1- 3 |  4- 6 |  7- 9 || total
-------------------------+-------+-------+-------++-------
Melee: Dagger            |    85 |   155 |    69 ||   309
       Kick              |    13 |    41 |    16 ||    70
       Peck              |     6 |    25 |     8 ||    39
 Cast: Summon Small Mamm |     3 |     8 |       ||    11
       Call Imp          |       |    13 |    12 ||    25
       Call Canine Famil |       |     8 |     7 ||    15
 Abil: Fly               |       |     1 |       ||     1
Evoke: Wand              |       |       |     1 ||     1
  Use: Scroll            |       |       |     4 ||     4
       Potion            |       |       |     3 ||     3
 Stab: Sleeping          |     3 |     3 |     3 ||     9
       Distracted        |       |     1 |     1 ||     2
  Eat: Chunk             |     4 |     8 |     6 ||    18
       Ration            |       |     1 |     1 ||     2
Armor: Robe              |     9 |    19 |     1 ||    29
Dodge: Dodged            |    64 |   113 |    35 ||   212

Table legend:
 A = Non-vault XP
 B = Vault XP
 C = Vault XP percentage of total XP
 D = Non-vault monster count
 E = Vault monster count
 F = Vault count percentage of total count
                 A         B        C        D         E       F
            +---------+---------+-------+---------+---------+-------
      Total |     947 |      71 |   7.0 |      90 |       8 |   8.2
            +---------+---------+-------+---------+---------+-------
        D:1 |      21 |       4 |  16.0 |      14 |       3 |  17.6
        D:2 |      35 |       0 |   0.0 |      14 |       0 |   0.0
        D:3 |     130 |       0 |   0.0 |      23 |       0 |   0.0
        D:4 |     118 |       0 |   0.0 |       9 |       0 |   0.0
        D:5 |     474 |      67 |  12.4 |      24 |       5 |  17.2
        D:6 |     169 |       0 |   0.0 |       6 |       0 |   0.0
            +---------+---------+-------+---------+---------+-------
